 Dungeon Crawl Stone Soup version 0.16-a0-1243-g6e0463c (webtiles) character file.

31 Kashira the Chopper (level 3, -4/20 HPs)
             Began as a Vine Stalker Berserker on Oct 13, 2014.
             Was a Believer of Trog.
             Slain by an ice beast (11 damage)
             ... on level 6 of the Dungeon.
             The game lasted 00:02:27 (305 turns).

Kashira the Chopper (Vine Stalker Berserker)         Turns: 305, Time: 00:02:27

Health: -4/20      AC:  5    Str: 19    XL:     3   Next: 22%
Magic:  0/3        EV: 10    Int: 10    God:    Trog [**....]
Gold:   52         SH:  0    Dex: 13    Spells: 0 memorised, 2 levels left

rFire  . . .     SeeInvis .     e - +10 falchion of Summertime {flame, Int+2}
rCold  . . .     Clarity  .     d - +0 ring mail
rNeg   . . .     SustAb   .     (no shield)
rPois  .         Gourm    .     (no helmet)
rElec  .         Spirit   +     (no cloak)
rCorr  .         Warding  .     (no gloves)
rMut   .         Stasis   .     (no boots)
MR     .....                    (no amulet)
Stlth  +.........               (no ring)
                                (no ring)

@: not resistant to hostile enchantments, very unstealthy
A: fangs 2, low mp 1, regeneration 1, magic shield, antimagic bite, no device
heal 3, rot immunity
a: Burn Spellbooks, Berserk, Trog's Hand, Renounce Religion


You were on level 6 of the Dungeon.
You worshipped Trog.
Trog was pleased with you.
You were not hungry.

You visited 1 branch of the dungeon, and saw 6 of its levels.

You collected 52 gold pieces.

Inventory:

Hand weapons
 a - a +0 hand axe
 e - the +10 falchion of Summertime (weapon) {flame, Int+2}
   (You found it on level 6 of the Dungeon)

   It emits flame when wielded, causing extra injury to most foes and up to
   double damage against particularly susceptible opponents.
   Big, fiery blades are also staple armaments of hydra-hunters.
   It affects your intelligence (+2).
Armour
 b - a +0 animal skin
 d - a +0 ring mail (worn)
Scrolls
 g - a scroll of noise {unknown}
 h - a scroll of enchant armour {unknown}
Potions
 i - a potion of haste {unknown}
Comestibles
 c - 3 bread rations
 j - a meat ration


   Skills:
 + Level 3.0 Fighting
 - Level 3.2 Axes
 + Level 1.8 Armour
 + Level 1.9 Dodging


You had 2 spell levels left.
You didn't know any spells.

Dungeon Overview and Level Annotations

Branches:
Dungeon (6/15)
 Temple: D:4-7

Altars:
Fedhas


Innate Abilities, Weirdness & Mutations

You have extremely sharp teeth.
Your natural rate of healing is unusually fast.
When hurt, damage is shared between your health and your magic reserves.
Your bite disrupts and absorbs the magic of your enemies.
Potions and wands cannot restore your health.
You are immune to rotting.
Your magical capacity is low (-10% MP).


Message History

You see here a bread ration.
c - 3 bread rations (gained 1)
You slash the ice beast!
You melt the ice beast.
Your bite misses the ice beast.
The ice beast is severely wounded.
The ice beast hits you. The ice beast freezes you.
You hit the ice beast but do no damage. You bite the ice beast.
You drain its power.
You feel invigorated.
The ice beast is severely wounded.
The ice beast hits you. The ice beast freezes you!
* * * LOW HITPOINT WARNING * * *
The ice beast barely misses you.
You are too injured to fight recklessly!
You are too injured to fight recklessly!
Your ring mail prevents you from hitting the ice beast.
The ice beast is severely wounded.
The ice beast closely misses you. The ice beast hits you.
The ice beast freezes you!
Ouch! That really hurt!
You die...

... #.# #+# #.#
#.# #@# ##.#
#.# #Y# ....
#.# #.# #..#
#.# #.# #..#
#.# #.# #..#
#.#####.# #..#
#.#...#.#
#..####.#.#.#.#
#.........#...#


You could see an ice beast.

Vanquished Creatures
  An adder (D:2)
  A worm (D:4)
  3 hobgoblins
  A quokka (D:2)
  3 bats
  A giant cockroach (D:3)
  A giant newt (D:4)
  4 goblins (D:2)
  A rat (D:2)
16 creatures vanquished.

Notes
Turn   | Place    | Note
--------------------------------------------------------------
     0 | D:1      | Kashira, the Vine Stalker Berserker, began the quest for the Orb.
     0 | D:1      | Reached XP level 1. HP: 11/11 MP: 1/1
    30 | D:2      | Found a blossoming altar of Fedhas.
    48 | D:2      | Reached XP level 2. HP: 16/16 MP: 3/3
    80 | D:2      | Reached skill level 3 in Fighting
   227 | D:4      | Reached XP level 3. HP: 18/20 MP: 2/4
   249 | D:4      | Acquired Trog's second power
   255 | D:5      | Entered Level 5 of the Dungeon
   267 | D:5      | Gained mutation: Your magical capacity is low (-10% MP). [potion of mutation]
   267 | D:5      | Gained mutation: Your muscles are strong. (Str +2) [potion of mutation]
   267 | D:5      | Lost mutation: Your muscles are strong. (Str +2) [potion of mutation]
   285 | D:6      | Got a slimy falchion
   286 | D:6      | Identified the +10 falchion of Summertime {flame, Int+2} (You found it on level 6 of the Dungeon)
   288 | D:6      | Noticed an ice beast
   305 | D:6      | Slain by an ice beast

Action                   || total
-------------------------++-------
Melee: Hand axe          ||    40
       Falchion          ||     3
Invok: Berserk           ||     1
  Use: Scroll            ||     1
       Potion            ||     1
